 Dungeon Crawl Stone Soup version 0.21-a0-153-g78480df (webtiles) character file.

4218 seren the Cleaver (level 10, -6/91 HPs)
             Began as a Hill Orc Fighter on Aug 1, 2017.
             Was a Follower of Qazlal.
             Mangled by a red ugly thing (16 damage)
             ... on level 9 of the Dungeon.
             The game lasted 00:28:42 (9628 turns).

seren the Cleaver (Hill Orc Fighter)                Turns: 9628, Time: 00:28:43

Health: -6/91      AC: 19    Str: 22    XL:     10   Next: 30%
Magic:  14/14      EV:  7    Int:  8    God:    Qazlal [*.....]
Gold:   232        SH:  2    Dex: 11    Spells: 9/9 levels left

rFire    . . .     SeeInvis .   r - +0 battleaxe
rCold    . . .     Gourm    .   (shield currently unavailable)
rNeg     + . .     Faith    .   W - +2 plate armour {MR+}
rPois    +         Spirit   .   (no helmet)
rElec    .         Reflect  .   R - +1 cloak {rPois}
rCorr    .         Harm     .   p - +0 pair of gloves
MR       +....                  (no boots)
Stlth    ..........             (no amulet)
HPRegen  0.25/turn              e - ring of positive energy
MPRegen  0.14/turn              (no ring)

@: no status effects
A: no striking features
a: Renounce Religion


You were on level 9 of the Dungeon.
You worshipped Qazlal.
Qazlal was aware of your devotion.
You were not hungry.

You visited 2 branches of the dungeon, and saw 10 of its levels.

You collected 479 gold pieces.
You spent 247 gold pieces at shops.

Inventory:

Hand Weapons
 a - a +0 war axe
 r - a +0 battleaxe (weapon)
 L - a +1 spear of venom
 V - the +4 quarterstaff of the Penguin {flame, rF+ rC++ Str+2}
   (You took it off an orc warrior on level 8 of the Dungeon)

   It has been specially enchanted to burn those struck by it, causing extra
   injury to most foes and up to half again as much damage against particularly
   susceptible opponents.
   It affects your strength (+2).
   It protects you from fire.
   It greatly protects you from cold.
Missiles
 P - a tomahawk (quivered)
Armour
 c - a +0 shield
 o - a +0 cloak
 p - a +0 pair of gloves (worn)
 x - a +0 large shield
 D - a +0 chain mail
 J - a +1 buckler of protection
 O - the cursed +0 robe of Vehumet's Displeasure {+Blink rElec rC-, unknown}
   (You took it off a centaur on level 7 of the Dungeon)

   It makes you vulnerable to cold.
   It insulates you from electricity.
   It lets you blink.
   It has a curse placed upon it.
 R - a +1 cloak of poison resistance (worn)
 W - a +2 plate armour of magic resistance (worn)
Magical Staves
 A - an uncursed staff of energy
Jewellery
 e - a ring of positive energy (left hand)
Wands
 s - a wand of confusion (17/48)
 G - a wand of acid (6/15)
 M - a wand of confusion (10/48)
 Q - a wand of confusion (13/48)
 U - a wand of flame (21/48)
Scrolls
 i - a scroll of recharging {unknown}
 k - 6 scrolls of teleportation {!r}
 m - 3 scrolls of remove curse
 n - 2 scrolls of magic mapping {unknown}
 q - 4 scrolls of enchant armour {unknown}
 y - a scroll of immolation {unknown}
 z - 2 scrolls of random uselessness {unknown}
 B - 2 scrolls of fog
 F - 3 scrolls of identify
Potions
 b - a potion of flight
 d - 2 potions of might
 g - a potion of cancellation {unknown}
 h - a potion of brilliance {unknown}
 j - a potion of mutation {unknown}
 l - a potion of heal wounds
 u - a potion of ambrosia {unknown}
 v - 2 potions of magic {unknown}
 w - 2 potions of haste
 C - a potion of curing {unknown}
 E - a potion of degeneration {unknown}
 K - 2 potions of lignification
Books
 H - a book of Misfortune

   Spells                             Type                      Level
   a - Confusing Touch                Hexes                        1
   b - Confuse                        Hexes                        3
   c - Gell's Gravitas                Translocation                3
   d - Petrify                        Transmutation/Earth          4
   e - Metabolic Englaciation         Hexes/Ice                    5
   f - Yara's Violent Unravelling     Hexes/Transmutation          5
 N - a book of Conjurations

   Spells                             Type                      Level
   a - Magic Dart                     Conjuration                  1
   b - Searing Ray                    Conjuration                  2
   c - Dazzling Spray                 Conjuration/Hexes            3
   d - Fulminant Prism                Conjuration/Hexes            4
   e - Force Lance                    Conjuration/Translocation    4
   f - Iskenderun's Mystic Blast      Conjuration                  4
Comestibles
 f - 4 bread rations
 t - 3 meat rations
 I - 27 fruits
 S - 2 royal jellies
 T - 3 chunks of flesh


   Skills:
 + Level 9.4 Fighting
 * Level 10.6 Axes
 + Level 8.6 Armour
 - Level 5.5 Shields
 + Level 6.4 Invocations
 - Level 2.1 Evocations


You had 9 spell levels left.
You didn't know any spells.

Dungeon Overview and Level Annotations

Branches:
Dungeon (9/15)             Temple (1/1) D:6
   Lair: D:8-11         Orc: D:9-12

Altars:
Ashenzari
Cheibriados
Dithmenos
Elyvilon
Fedhas
Gozag
Hepliaklqana
Kikubaaqudgha
Makhleb
Nemelex Xobeh
Okawaru
Qazlal
Ru
Trog
Uskayaw
Vehumet
Wu Jian
Xom
Yredelemnul
Zin
The Shining One

Shops:
D:6 (:[

Annotations:
D:8 six death yak...


Message History

The red ugly thing is almost dead.
The red ugly thing headbutts you but does no damage.
You closely miss the red ugly thing.
The red ugly thing is almost dead.
The red ugly thing completely misses you.
The sky beast flickers out of sight!
Deactivating autopickup; reactivate with Ctrl-A.
Your plate armour prevents you from hitting the red ugly thing.
The red ugly thing is almost dead.
The red ugly thing headbutts you!
* * * LOW HITPOINT WARNING * * *
You are engulfed in flames!!
* * * LOW HITPOINT WARNING * * *
You barely miss the red ugly thing.
The red ugly thing is almost dead.
The red ugly thing headbutts you but does no damage.
The red ugly thing headbutts you!
* * * LOW HITPOINT WARNING * * *
You are engulfed in flames!
You die...

.# #.## .......
.#... . .......
..#....
########.......
#{..Y§..%......
#u###.#..##....
#@##.....# #
#<##..#.##
#.##..#.#
#........
.###...... .
...###.. .. .[
...


You could see a red ugly thing.

Vanquished Creatures
  A two-headed ogre (D:8)
  A deep elf mage (D:7)
  A wyvern (D:8)
  A hungry ghost (D:7)
  2 water moccasins
  Duvessa (D:5)
  3 orc warriors
  2 phantoms
  2 ice beasts
  A sky beast (D:6)
  3 ogres
  A centaur (D:7)
  A big kobold (D:8)
  A bullfrog (D:7)
  Blork the orc (D:5)
  A gnoll sergeant (D:6)
  Dowan (D:5)
  A scorpion (D:5)
  4 wights (D:7)
  2 howler monkeys
  A bullfrog zombie (D:8)
  A centaur zombie (D:8)
  4 orc priests
  4 orc wizards
  A hound (D:8)
  Crazy Yiuf (D:7)
  2 bullfrog skeletons (D:8)
  A centaur skeleton (D:6)
  3 iguanas
  6 worker ants
  2 hound skeletons
  3 gnolls (D:6)
  11 adders
  2 shadow imps
  3 oozes
  An adder zombie (D:8)
  An adder skeleton (D:5)
  A worm (D:2)
  2 dart slugs (D:1)
  5 leopard geckos
  21 orcs
  8 giant cockroaches
  7 goblins
  12 hobgoblins
  6 jackals
  6 kobolds
  3 quokkas (D:5)
  A ball python (D:5)
  4 bats
  5 frilled lizards
  A giant cockroach zombie (D:5)
  A jackal skeleton (D:6)
  9 rats
170 creatures vanquished.

Notes
Turn   | Place    | Note
-------+----------+-------------------------------------------
     0 | D:1      | seren the Hill Orc Fighter began the quest for the Orb.
     0 | D:1      | Reached XP level 1. HP: 19/19 MP: 1/1
    51 | D:1      | Reached skill level 3 in Axes
   163 | D:1      | Reached XP level 2. HP: 26/26 MP: 2/2
   248 | D:1      | Reached skill level 4 in Axes
   607 | D:1      | Reached XP level 3. HP: 31/31 MP: 3/3
   884 | D:2      | Reached skill level 5 in Axes
  1412 | D:2      | Reached XP level 4. HP: 34/39 MP: 4/4
  2083 | D:2      | Found a shimmering altar of Xom.
  2084 | D:2      | Found a white marble altar of Elyvilon.
  2143 | D:3      | Reached skill level 6 in Axes
  2560 | D:3      | Reached XP level 5. HP: 45/45 MP: 5/5
  2749 | D:3      | Reached skill level 7 in Axes
  3219 | D:4      | Reached skill level 8 in Axes
  3219 | D:4      | Reached XP level 6. HP: 45/51 MP: 6/6
  3304 | D:4      | Noticed a phantom
  3505 | D:4      | Reached skill level 9 in Axes
  3774 | D:4      | Killed a phantom
  3774 | D:4      | Reached XP level 7. HP: 36/57 MP: 7/7
  4102 | D:4      | Reached skill level 1 in Evocations
  4185 | D:4      | Found a snail-covered altar of Cheibriados.
  4217 | D:5      | Entered Level 5 of the Dungeon
  4280 | D:5      | Noticed Blork the orc
  4538 | D:5      | Found a glowing silver altar of Zin.
  4615 | D:5      | Noticed Duvessa
  4615 | D:5      | Noticed Dowan
  4634 | D:5      | Killed Dowan
  4634 | D:5      | Reached skill level 10 in Axes
  4673 | D:5      | Killed Duvessa
  4995 | D:5      | Killed Blork the orc
  4995 | D:5      | Reached XP level 8. HP: 57/67 MP: 9/9
  5428 | D:6      | Reached skill level 5 in Fighting
  5750 | D:6      | Found Neotag's Book Emporium.
  6096 | D:5      | Reached skill level 5 in Armour
  6096 | D:5      | Reached skill level 5 in Shields
  6582 | D:6      | Found Uzavuim's Antique Weapon Boutique.
  6663 | D:6      | Found a staircase to the Ecumenical Temple.
  6669 | Temple   | Entered the Ecumenical Temple
  6686 | Temple   | Became a worshipper of Qazlal Stormbringer
  6906 | D:6      | Reached skill level 1 in Invocations
  7087 | D:6      | Found Hipsuthrosa's Antique Armour Emporium.
  7090 | D:6      | Bought a runed buckler for 247 gold pieces
  7596 | D:7      | Reached XP level 9. HP: 77/78 MP: 11/11
  7651 | D:7      | Got a shadowed robe
  8004 | D:7      | Reached skill level 5 in Invocations
  8079 | D:7      | Found a runed door.
  8124 | D:7      | Reached * piety under Qazlal
  8208 | D:7      | Noticed Crazy Yiuf
  8219 | D:7      | Killed Crazy Yiuf
  8335 | D:7      | Found an ornate altar of the Wu Jian Council.
  8455 | D:8      | Noticed a two-headed ogre
  8927 | D:8      | Got a polished quarterstaff {flame}
  9093 | D:8      | Identified the +4 quarterstaff of the Penguin {flame, rF+ rC++ Str+2} (You took it off an orc warrior on level 8 of the Dungeon)
  9109 | D:8      | Killed a two-headed ogre
  9109 | D:8      | Reached XP level 10. HP: 22/91 MP: 14/14
  9468 | D:8      | Noticed a death yak
  9469 | D:8      | Noticed a death yak
  9481 | D:8      | Noticed a death yak
  9481 | D:8      | Noticed a death yak
  9481 | D:8      | Noticed a death yak
  9483 | D:8      | Noticed a death yak
  9505 | D:7      | Noticed a deep elf mage
  9522 | D:7      | Killed a deep elf mage
  9607 | D:9      | Noticed a red ugly thing
  9628 | D:9      | Mangled by a red ugly thing

Vault maps used:
D:1:      minmay_arrival_plants_in_alcoves
D:2:      minmay_wonky_spiral, gammafunk_temple_overflow_statue
D:3:      corexii_shack_village
D:4:      cheibriados_altar_1
D:5:      old_standard_altar, first_bread, uniq_blork_the_orc, uniq_duvessa
D:6:      temple_statues, serial_shops, kennysheep_little_box, shop, shop,
          hangedman_decor_growths
D:7:      kennysheep_mini, uniq_crazy_yiuf_cottage
D:8:      nicolae_overflow_hidden_temple, dpeg_lair_monsters,
          blue_anna_alchemist
Temple:   lightli_temple_of_artemis

Skill      XL: |  1  2  3  4  5  6  7  8  9 |
---------------+----------------------------+-----
Axes           | 3 4 5 6 8 9 10 | 10.6
Evocations     | 2 |  2.1
Fighting       | 4 6 9 |  9.4
Armour         | 4 5 8 |  8.6
Shields        | 4 5 |  5.5
Invocations    | 3 6 |  6.4

Action                   |  1- 3 |  4- 6 |  7- 9 | 10-12 || total
-------------------------+-------+-------+-------+-------++-------
Melee: War axe           |   125 |   209 |   397 |       ||   731
       Battleaxe         |       |       |     7 |    36 ||    43
  Use: Scroll            |       |     3 |     5 |       ||     8
       Potion            |       |       |     4 |     1 ||     5
  Eat: Chunk             |     2 |     7 |    11 |     2 ||    22
       Bread ration      |       |       |     1 |       ||     1
       Fruit             |       |       |     1 |       ||     1
       Royal jelly       |       |       |     2 |       ||     2
       Meat ration       |       |       |     1 |       ||     1
Armor: Scale mail        |    62 |    83 |    56 |       ||   201
       Chain mail        |       |       |    94 |       ||    94
       Plate armour      |       |       |       |    27 ||    27
Dodge: Dodged            |    36 |    45 |   119 |    11 ||   211
Block: Shield            |    61 |    89 |    84 |       ||   234
       Buckler           |       |       |    57 |       ||    57
       Other             |       |       |     1 |     2 ||     3
